 Dungeon Crawl Stone Soup version 0.23.2-1-ga50397a (webtiles) character file.

Game seed: 9826123012590606105

7114 COBRA the Fighter (level 10, -2/91 HPs)
             Began as a Minotaur Fighter on May 7, 2019.
             Was a High Priest of Okawaru.
             Killed from afar by a hell hound (17 damage)
             ... with a blast of flame
             ... led by Azrael
             ... on level 12 of the Dungeon.
             The game lasted 00:20:24 (3666 turns).

COBRA the Fighter (Minotaur Fighter)                Turns: 3666, Time: 00:20:25

Health: -2/91      AC: 19    Str: 26    XL:     10   Next: 85%
Magic:  10/12      EV: 15    Int:  6    God:    Okawaru [*****.]
Gold:   442        SH: 13    Dex: 11    Spells: 9/9 levels left

rFire    . . .     SeeInvis .   a - +3 war axe
rCold    . . .     Gourm    .   c - +0 shield
rNeg     . . .     Faith    .   b - +2 chain mail {MR+}
rPois    .         Spirit   .   (helmet restricted)
rElec    .         Reflect  .   (no cloak)
rCorr    .         Harm     .   (no gloves)
MR       +....                  (no boots)
Stlth    ..........             (no amulet)
HPRegen  0.25/turn              w - +4 ring of protection
MPRegen  0.13/turn              l - +4 ring of strength

@: heroism, very slightly contaminated, hasted, very quick
A: retaliatory headbutt, horns 2
a: Heroism, Finesse, Renounce Religion


You were on level 12 of the Dungeon.
You worshipped Okawaru.
Okawaru was extremely pleased with you.
You were not hungry.

You visited 2 branches of the dungeon, and saw 15 of its levels.

You collected 442 gold pieces.

Inventory:

Hand Weapons
 a - a +3 war axe (weapon)
 o - a +3 hand axe
 p - a +0 trident of protection
Armour
 b - a +2 chain mail of magic resistance (worn)
 c - a +0 shield (worn)
 e - a +0 chain mail
 s - a scarf of spirit shield
Jewellery
 g - an uncursed ring of protection from magic
 l - a +4 ring of strength (right hand)
 n - a +2 ring of strength
 w - a +4 ring of protection (left hand)
Wands
 t - a wand of flame (17)
 u - a wand of random effects (5)
 v - a wand of scattershot (2)
Scrolls
 h - 2 scrolls of torment
 j - 3 scrolls of remove curse
Potions
 k - a potion of lignification
 m - 2 potions of brilliance
 r - a potion of haste
Comestibles
 f - 7 rations
 x - 2 chunks of flesh


   Skills:
 - Level 9.4(14.4) Fighting
 - Level 9.3(14.3) Axes
 - Level 9.2(14.2) Armour
 - Level 8.6(13.6) Dodging
 - Level 8.2(13.2) Shields
 * Level 4.6 Invocations


You had 9 spell levels left.
You didn't know any spells.
Your spell library was empty.

Dungeon Overview and Level Annotations

Branches:
Dungeon (14/15)            Temple (1/1) D:4             Orc (0/2) D:12
   Lair: D:8-11      Vaults: D:13-14

Altars:
Ashenzari
Dithmenos
Elyvilon
Hepliaklqana
Kikubaaqudgha
Makhleb
Nemelex Xobeh
Okawaru
Qazlal
Ru
Uskayaw
Vehumet
Xom
Zin
The Shining One

Shops:
D:7 (

Annotations:
D:12 Azrael


Innate Abilities, Weirdness & Mutations

You reflexively headbutt those who attack you in melee.
You have a pair of horns on your head.


Message History

You headbutt the hell hound. You block the hell hound's attack.
The fire elemental closely misses you. The hell hound completely misses you.
You hit Azrael but do no damage. Your headbutt misses Azrael.
Azrael is lightly wounded.
You slash the hell hound! x2; You slash the fire elemental!
You destroy the fire elemental!
Okawaru accepts your kill.
You hit the hell hound but do no damage.
The hell hound stops to sniff the ground.
The hell hound bites you but does no damage.
You block the hell hound's attack. x2; Azrael closely misses you.
You furiously retaliate!
You headbutt Azrael.
You gain the combat prowess of a mighty hero.
You block the hell hound's attack. The hell hound closely misses you. x2
You slash Azrael!
Azrael is moderately wounded.
You closely miss the hell hound. x2; You barely miss the hell hound.
The hell hound breathes flames at you. The blast of flame hits you!
You die...

#.......# #.......# #.......#
+.......+ #+#### #.......# #.^..#
####[#### #######>#### ###..[#
#..........## #...###
#.........@h###(###
#........hRhE##○###### ##
#..........#E...○☼...# #.
#####..........#......○°○#####.
###..............##...).....○°##.
....###..........##..([...>##.○.☼
##### #.........####.)[..#######.
#.........#.....8.....# ##
#########.#...........##


You could see Azrael, 2 fire elementals and 3 hell hounds.

Vanquished Creatures
  Urug (D:12)
  A wolf spider (D:7)
  An ugly thing (D:13)
  Maurice (D:9)
  A cyclops (D:12)
  Psyche (D:8)
  The ghost of Zing the Digger, a novice GrEE (D:7)
  A troll (D:12)
  2 hornets
  3 hippogriffs
  4 yaks (D:9)
  A fire elemental (D:12)
  Eustachio (D:5)
  A hungry ghost (D:8)
  2 black bears
  A phantom (D:12)
  An ice beast (D:7)
  A sky beast (D:9)
  3 orc warriors
  2 ogres
  A big kobold (D:8)
  5 bullfrogs
  2 scorpions
  3 wights (D:6)
  2 howler monkeys (D:8)
  2 crimson imps
  2 bullfrog skeletons
  A quasit (D:6)
  3 orc priests
  3 hounds
  5 orc wizards
  3 iguanas
  3 worker ants
  A hound skeleton (D:7)
  A worker ant zombie (D:9)
  4 gnolls
  8 adders
  2 shadow imps
  3 worms (D:3)
  4 dart slugs
  2 leopard geckos
  39 orcs
  3 goblins
  A hobgoblin (D:1)
  5 jackals
  3 kobolds
  2 quokkas
  5 bats (D:1)
  3 frilled lizards
  A leopard gecko zombie (D:8)
  A quokka skeleton (D:5)
  6 rats
  A fungus (D:5)
160 creatures vanquished.

Vanquished Creatures (others)
  2 ogres (D:8)
  A bullfrog zombie (D:8)
  A hound skeleton (D:8)
  An orc (D:8)
  5 toadstools (D:5)
10 creatures vanquished.

Grand Total: 170 creatures vanquished

Notes
Turn   | Place    | Note
-------+----------+-------------------------------------------
     0 | D:1      | COBRA the Minotaur Fighter began the quest for the Orb.
     0 | D:1      | Reached XP level 1. HP: 19/19 MP: 0/0
   174 | D:1      | Reached XP level 2. HP: 26/26 MP: 1/1
   258 | D:3      | Reached XP level 3. HP: 25/31 MP: 2/2
   290 | D:2      | Reached skill level 5 in Axes
   318 | D:1      | Reached XP level 4. HP: 10/39 MP: 3/3
   755 | D:4      | Reached XP level 5. HP: 42/45 MP: 4/4
   782 | D:4      | Found a staircase to the Ecumenical Temple.
   789 | Temple   | Entered the Ecumenical Temple
   882 | Temple   | Became a worshipper of Warmaster Okawaru
   938 | D:5      | Entered Level 5 of the Dungeon
   938 | D:5      | Noticed Eustachio
   948 | D:5      | Killed Eustachio
   948 | D:5      | Reached * piety under Okawaru
   948 | D:5      | Reached XP level 6. HP: 39/51 MP: 1/5
   968 | D:5      | Found a burning altar of Makhleb.
   968 | D:5      | Found a glowing silver altar of Zin.
   969 | D:5      | Noticed an angel
   969 | D:5      | Noticed an Executioner
   970 | D:5      | Reached skill level 1 in Invocations
  1186 | D:6      | Reached XP level 7. HP: 54/57 MP: 5/8
  1229 | D:6      | Reached ** piety under Okawaru
  1386 | D:7      | Found Reriupsi's Antique Weapon Shop.
  1518 | D:7      | Noticed Zing's ghost (novice GrEE)
  1519 | D:7      | Found a runed translucent gate.
  1519 | D:7      | Found a runed translucent gate.
  1519 | D:7      | Found a runed translucent gate.
  1519 | D:7      | Noticed a wolf spider
  1551 | D:7      | Killed a wolf spider
  1551 | D:7      | Reached XP level 8. HP: 23/73 MP: 7/10
  1557 | D:7      | Reached *** piety under Okawaru
  1561 | D:7      | HP: 5/111 [orc warrior/+0 halberd (17)]
  1565 | D:7      | HP: 2/111 [Zing's ghost (4)]
  1566 | D:7      | Killed Zing's ghost
  1927 | D:7      | Reached skill level 1 in Dodging
  1942 | D:7      | Reached XP level 9. HP: 40/84 MP: 11/11
  1955 | D:7      | Found a hide-covered altar of Uskayaw.
  2036 | D:8      | Found a shadowy altar of Dithmenos.
  2037 | D:8      | Found a radiant altar of Vehumet.
  2102 | D:8      | Reached skill level 5 in Dodging
  2105 | D:8      | Noticed Psyche
  2113 | D:8      | Reached **** piety under Okawaru
  2122 | D:8      | Killed Psyche
  2535 | D:8      | Found a shimmering altar of Xom.
  2595 | D:9      | Reached skill level 5 in Armour
  2598 | D:9      | Reached ***** piety under Okawaru
  2598 | D:9      | Reached XP level 10. HP: 82/91 MP: 9/12
  2672 | D:9      | Noticed Maurice
  2717 | D:9      | Killed Maurice
  2865 | D:10     | Entered Level 10 of the Dungeon
  2924 | D:12     | Noticed a cyclops
  2928 | D:12     | Killed a cyclops
  3063 | D:13     | Noticed a cyan ugly thing
  3074 | D:13     | Killed a cyan ugly thing
  3074 | D:13     | Received a gift from Okawaru
  3074 | D:13     | Reached skill level 5 in Shields
  3113 | D:12     | Found a staircase to the Orcish Mines.
  3152 | D:13     | Noticed a green ugly thing
  3168 | D:12     | Noticed Urug
  3182 | D:12     | HP: 2/91 [Urug/+2 long sword (21)]
  3191 | D:12     | Killed Urug
  3584 | D:13     | Noticed a four-headed hydra
  3624 | D:12     | Noticed Azrael
  3666 | D:12     | Killed from afar by a hell hound

Skill      XL: |  1  2  3  4  5  6  7  8  9 10 |
---------------+-------------------------------+-----
Axes           | 3 4 5 6 7 9 |  9.3
Invocations    | 3 4 |  4.6
Fighting       | 7 9 |  9.4
Dodging        | 2 8 |  8.6
Armour         | 5 9 |  9.2
Shields        | 8 |  8.2

Action                   |  1- 3 |  4- 6 |  7- 9 | 10-12 || total
-------------------------+-------+-------+-------+-------++-------
Melee: War axe           |    56 |   103 |   154 |   100 ||   413
       Headbutt          |     8 |    11 |    27 |    22 ||    68
Invok: Heroism           |       |       |     3 |     5 ||     8
Evoke: Wand              |       |       |     3 |     8 ||    11
  Use: Scroll            |       |     7 |     2 |     5 ||    14
       Potion            |       |       |     7 |     4 ||    11
 Stab: Invisible         |       |       |     4 |       ||     4
       Paralysed         |       |       |     3 |       ||     3
       Confused          |       |       |     2 |       ||     2
  Eat: Ration            |       |     1 |     1 |       ||     2
       Chunk             |       |     1 |       |     4 ||     5
Armor: Chain mail        |    36 |    57 |    55 |    51 ||   199
       Skin              |       |       |    22 |       ||    22
Dodge: Dodged            |    14 |    32 |    36 |    62 ||   144
Block: Shield            |    23 |    57 |    75 |    50 ||   205
